PL
PANAMA CITY PIRANHAS @ ATLANTA SMOKE
04/25/2026
 
TOP OF THE 1ST
Panama City Piranhas batting - Pitching for Atlanta Smoke : RHP Clancy McKinney
Pitching: RHP Clancy McKinney
Batting: RHB Tim Barnes 0-0: Foul Ball, location: 2F
0-1: Ball
1-1: Ball
2-1: Ball
3-1: Base on Balls
Batting: RHB Juan Jose Ayala 0-0: Called Strike
0-1: Swinging Strike
0-2: Foul Ball, location: 2F
0-2: Ball
1-2: Foul Ball, location: 2F
1-2: Strikes out swinging
Batting: LHB Luis Vicenteno 0-0: Ground out 3-1 (Groundball, 34S)
Tim Barnes to second
Batting: LHB Sergio Muñóz 0-0: Ball
1-0: SINGLE (Groundball, 4MD)
Tim Barnes to third
Runner from 3rd tries for Home, SAFE, no throw
Batting: RHB Luis Alomar 0-0: Ball
Wild Pitch!
Sergio Muñóz to second
1-0: Fly out, F7 (Line Drive, 7)
Top of the 1st over - 1 run(s), 1 hit(s), 0 error(s), 1 left on base; Panama City 1 - Atlanta 0
BOTTOM OF THE 1ST
Atlanta Smoke batting - Pitching for Panama City Piranhas : RHP Eduardo Capata
Pitching: RHP Eduardo Capata
Batting: LHB Bernardo Elías 0-0: Called Strike
0-1: Called Strike
0-2: Ball
1-2: Foul Ball, location: 2F
1-2: Ball
2-2: SINGLE (Groundball, 6) (infield hit)
Batting: RHB Jack Weber 0-0: Ball
Bernardo Elías steals 2nd base
1-0: Ground out 3-1 (Groundball, 34)
Bernardo Elías to third
Batting: LHB Ned Durand 0-0: Called Strike
0-1: Called Strike
0-2: Ball
1-2: Ball
2-2: Ball
3-2: Foul Ball, location: 2F
3-2: Fly out, F4 (Popup, 34D)
Batting: RHB Gabriel Maldonado 0-0: Ball
1-0: Ball
2-0: Ball
3-0: Hit by Pitch
Batting: RHB Layton Templeman 0-0: Ball
1-0: SINGLE (Flyball, 8RS)
Bernardo Elías scores
Gabriel Maldonado to second
Batting: RHB Pedro Morales 0-0: Called Strike
0-1: Ball
1-1: Ball
2-1: Swinging Strike
2-2: Strikes out looking
Bottom of the 1st over - 1 run(s), 2 hit(s), 0 error(s), 2 left on base; Panama City 1 - Atlanta 1
TOP OF THE 2ND
Panama City Piranhas batting - Pitching for Atlanta Smoke : RHP Clancy McKinney
Batting: RHB David Sánchez 0-0: Foul Ball, location: 2F
0-1: Ball
1-1: Ball
2-1: Swinging Strike
2-2: Strikes out swinging
Batting: RHB Brad Perry 0-0: Called Strike
0-1: Fly out, F7 (Flyball, 78S)
Batting: SHB Marc Talamante 0-0: Fly out, F7 (Flyball, 7)
Top of the 2nd over - 0 run(s), 0 hit(s), 0 error(s), 0 left on base; Panama City 1 - Atlanta 1
BOTTOM OF THE 2ND
Atlanta Smoke batting - Pitching for Panama City Piranhas : RHP Eduardo Capata
Batting: RHB Cosmo Bjorkenheim 0-0: Called Strike
0-1: Called Strike
0-2: Strikes out swinging
Batting: RHB Gerardo Castillo 0-0: Ball
1-0: Ball
2-0: Ball
3-0: Base on Balls
Batting: RHB Travis Newsome 0-0: Fly out, F5 (Line Drive, 5S)
Lined into DP, 5-3 (Line Drive, 5S)
Bottom of the 2nd over - 0 run(s), 0 hit(s), 0 error(s), 0 left on base; Panama City 1 - Atlanta 1
TOP OF THE 3RD
Panama City Piranhas batting - Pitching for Atlanta Smoke : RHP Clancy McKinney
Batting: SHB Tsing Guao 0-0: Called Strike
0-1: Ball
1-1: Called Strike
1-2: Strikes out swinging, 2-3 out at first.
Batting: RHB Tim Barnes 0-0: Foul Ball, location: 2F
0-1: Ground out 6-3 (Groundball, 6)
Batting: RHB Juan Jose Ayala 0-0: Foul Ball, location: 2F
0-1: Ball
1-1: Ball
2-1: Ball
3-1: Base on Balls
Batting: LHB Luis Vicenteno 0-0: Called Strike
0-1: Called Strike
0-2: Ball
1-2: Foul Ball, location: 2F
1-2: Fly out, F9 (Flyball, 89M)
Top of the 3rd over - 0 run(s), 0 hit(s), 0 error(s), 1 left on base; Panama City 1 - Atlanta 1
BOTTOM OF THE 3RD
Atlanta Smoke batting - Pitching for Panama City Piranhas : RHP Eduardo Capata
Batting: LHB Bernardo Elías 0-0: Ball
1-0: Ball
2-0: Called Strike
2-1: Fly out, F8 (Flyball, 8LS)
Batting: RHB Jack Weber 0-0: Foul Ball, location: 2F
0-1: Ball
1-1: Ball
2-1: Foul Ball, location: 2F
2-2: Foul Ball, location: 2F
2-2: SINGLE (Groundball, 6MD)
Batting: LHB Ned Durand 0-0: Fly out, F5 (Line Drive, 56)
Batting: RHB Gabriel Maldonado 0-0: Fielders Choice at 2nd, U6 (Groundball, 6M)
Bottom of the 3rd over - 0 run(s), 1 hit(s), 0 error(s), 1 left on base; Panama City 1 - Atlanta 1
TOP OF THE 4TH
Panama City Piranhas batting - Pitching for Atlanta Smoke : RHP Clancy McKinney
Batting: LHB Sergio Muñóz 0-0: Ball
1-0: Ball
2-0: SINGLE (Flyball, 7LS)
Batting: RHB Luis Alomar 0-0: Ball
1-0: Called Strike
1-1: Ball
2-1: Swinging Strike
2-2: Ball
3-2: Foul Ball, location: 2F
3-2: Base on Balls
Sergio Muñóz to second
Batting: RHB David Sánchez 0-0: Ball
1-0: Ball
2-0: Ball
3-0: Base on Balls
Sergio Muñóz to third
Luis Alomar to second
Batting: RHB Brad Perry 0-0: Ball
1-0: Ball
2-0: Called Strike
2-1: Foul Ball, location: 2F
2-2: Ball
3-2: Foul Ball, location: 2F
3-2: Base on Balls
Sergio Muñóz scores
Luis Alomar to third
David Sánchez to second
Batting: SHB Marc Talamante 0-0: Ball
1-0: Grounds out, U3 (Groundball, 3L)
Luis Alomar scores
David Sánchez to third
Batting: SHB Tsing Guao 0-0: Swinging Strike
0-1: Ball
1-1: Swinging Strike
1-2: Strikes out swinging
Batting: RHB Tim Barnes 0-0: Swinging Strike
0-1: Ball
1-1: Swinging Strike
1-2: Strikes out swinging
Top of the 4th over - 2 run(s), 1 hit(s), 0 error(s), 2 left on base; Panama City 3 - Atlanta 1
BOTTOM OF THE 4TH
Atlanta Smoke batting - Pitching for Panama City Piranhas : RHP Eduardo Capata
Batting: RHB Layton Templeman 0-0: Ball
1-0: Swinging Strike
1-1: Ball
2-1: DOUBLE (Line Drive, 7LS)
Pitching: LHP Santiago Mesa
Batting: RHB Pedro Morales 0-0: Ball
1-0: Called Strike
1-1: Ball
2-1: Foul Ball, location: 2F
2-2: Ball
3-2: Foul Ball, location: 2F
3-2: Fly out, F8 (Flyball, 8RXD)
Runner from 2nd tags up, SAFE at 3rd, no throw
Batting: RHB Cosmo Bjorkenheim 0-0: Ball
1-0: SINGLE (Groundball, 6MD)
Layton Templeman scores
Batting: RHB Gerardo Castillo 0-0: Called Strike
0-1: Grounds into double play, 4-6-3 (Groundball, 4)
Bottom of the 4th over - 1 run(s), 2 hit(s), 0 error(s), 0 left on base; Panama City 3 - Atlanta 2
TOP OF THE 5TH
Panama City Piranhas batting - Pitching for Atlanta Smoke : RHP Clancy McKinney
Pitching: RHP Bruce Hamilton
Batting: RHB Juan Jose Ayala 0-0: Called Strike
0-1: Foul Ball, location: 2F
0-2: Hit by Pitch
Batting: LHB Luis Vicenteno 0-0: Ball
1-0: SINGLE (Groundball, 34D)
Juan Jose Ayala to second
Runner from 2nd tries for 3rd, SAFE, no throw
Batting: LHB Sergio Muñóz 0-0: Called Strike
0-1: Ball
1-1: SINGLE (Line Drive, 6MD)
Juan Jose Ayala scores
Luis Vicenteno to second
Runner from 2nd tries for 3rd, SAFE, no throw
Batting: RHB Luis Alomar 0-0: Ball
1-0: Called Strike
1-1: Called Strike
1-2: Strikes out looking
Batting: RHB David Sánchez 0-0: Ball
1-0: Called Strike
1-1: Swinging Strike
1-2: Strikes out looking
Batting: RHB Brad Perry 0-0: Ball
1-0: DOUBLE (Flyball, 89D)
Luis Vicenteno scores
Sergio Muñóz to third
Runner from 3rd tries for Home, SAFE, no throw
Batting: SHB Marc Talamante 0-0: Ball
1-0: Swinging Strike
1-1: Foul Ball, location: 2F
1-2: Strikes out swinging
Top of the 5th over - 3 run(s), 3 hit(s), 0 error(s), 1 left on base; Panama City 6 - Atlanta 2
BOTTOM OF THE 5TH
Atlanta Smoke batting - Pitching for Panama City Piranhas : LHP Santiago Mesa
Batting: RHB Travis Newsome 0-0: Fly out, F5 (Popup, 56)
Batting: LHB Bernardo Elías 0-0: Ball
1-0: Ball
2-0: Ball
3-0: Base on Balls
Batting: RHB Jack Weber 0-0: Ball
1-0: Foul Ball, location: 2F
1-1: Ball
2-1: Called Strike
2-2: Ball
3-2: Ground out 6-3 (Groundball, 6)
Bernardo Elías to second
Batting: LHB Ned Durand 0-0: SINGLE (Groundball, 6MD)
Bernardo Elías to third
Runner from 3rd tries for Home, SAFE, no throw
Batting: RHB Gabriel Maldonado 0-0: Called Strike
0-1: Ball
1-1: Fly out, F8 (Flyball, 8LM)
Bottom of the 5th over - 1 run(s), 1 hit(s), 0 error(s), 1 left on base; Panama City 6 - Atlanta 3
TOP OF THE 6TH
Panama City Piranhas batting - Pitching for Atlanta Smoke : RHP Bruce Hamilton
Batting: SHB Tsing Guao 0-0: DOUBLE (Line Drive, 7LD)
Pinch Hitting: LHB Robert Adams 0-0: Called Strike
0-1: Hit by Pitch
Batting: RHB Raúl Ortíz 0-0: Foul Ball, location: 2F
0-1: Ball
1-1: Called Strike
1-2: Ball
2-2: Grounds into double play, 4-6-3 (Groundball, 4D)
Tsing Guao to third
Pitching: RHP Fred Pitts
Pinch Hitting: LHB Floyd Long 0-0: Fly out, F8 (Line Drive, 8RD)
Top of the 6th over - 0 run(s), 1 hit(s), 0 error(s), 1 left on base; Panama City 6 - Atlanta 3
BOTTOM OF THE 6TH
Atlanta Smoke batting - Pitching for Panama City Piranhas : LHP Santiago Mesa
Now at 2B: José Correa
Now in RF: Robert Adams
Batting: RHB Layton Templeman 0-0: Ground out 4-3 (Groundball, 4)
Batting: RHB Pedro Morales 0-0: Ground out 6-3 (Groundball, 6)
Batting: RHB Cosmo Bjorkenheim 0-0: Ground out 6-3 (Groundball, 6)
Bottom of the 6th over - 0 run(s), 0 hit(s), 0 error(s), 0 left on base; Panama City 6 - Atlanta 3
TOP OF THE 7TH
Panama City Piranhas batting - Pitching for Atlanta Smoke : RHP Fred Pitts
Pinch Hitting: RHB Armando Alvarado 0-0: Called Strike
0-1: Called Strike
0-2: Ball
1-2: Strikes out swinging
Pinch Hitting: RHB Baldomero Avino 0-0: Called Strike
0-1: Ground out 6-3 (Groundball, 6)
Pinch Hitting: RHB Fernando Silva 0-0: Ball
1-0: Called Strike
1-1: Ball
2-1: Foul Ball, location: 2F
2-2: Foul Ball, location: 2F
2-2: Ball
3-2: Strikes out swinging
Top of the 7th over - 0 run(s), 0 hit(s), 0 error(s), 0 left on base; Panama City 6 - Atlanta 3
BOTTOM OF THE 7TH
Atlanta Smoke batting - Pitching for Panama City Piranhas : LHP Santiago Mesa
Now at 3B: Lorenzo Rosas
Now at SS: Armando Alvarado
Now in LF: Fernando Silva
Batting: RHB Gerardo Castillo 0-0: Called Strike
0-1: Ball
1-1: Foul Ball, location: 2F
1-2: Fly out, F7 (Flyball, 7LDF)
Batting: RHB Travis Newsome 0-0: Ball
1-0: Ground out 6-3 (Groundball, 6)
Pinch Hitting: RHB Bobby Butterfield 0-0: SINGLE (Groundball, 4MD)
Pinch Hitting: LHB Albert Morán 0-0: Called Strike
0-1: Ball
Bobby Butterfield steals 2nd base
1-1: Fly out, F8 (Flyball, 8RM)
Bottom of the 7th over - 0 run(s), 1 hit(s), 0 error(s), 1 left on base; Panama City 6 - Atlanta 3
TOP OF THE 8TH
Panama City Piranhas batting - Pitching for Atlanta Smoke : RHP Fred Pitts
Now at 3B: Bartolo Morales
Now in RF: Bobby Butterfield
Pinch Hitting: LHB Víctor Robledo 0-0: Swinging Strike
0-1: Foul Ball, location: 2F
0-2: Strikes out swinging
Pinch Hitting: RHB Bryce Bancroft 0-0: Called Strike
0-1: Ball
1-1: Ball
2-1: Foul Ball, location: 2F
2-2: Foul Ball, location: 2F
2-2: SINGLE (Groundball, 4D)
Batting: SHB Tsing Guao 0-0: Ball
1-0: Ball
2-0: DOUBLE (Groundball, 3L)
Bryce Bancroft to third
Pitching: RHP Louis Webber
Batting: LHB Robert Adams 0-0: Foul Ball, location: 2F
0-1: Foul Ball, location: 2F
0-2: Ball
1-2: Fly out, F9 (Flyball, 9LD)
Runner from 3rd tags up, SCORES, throw made
Batting: RHB Raúl Ortíz 0-0: Ball
1-0: Foul Ball, location: 2F
1-1: Foul Ball, location: 2F
1-2: Ball
2-2: Strikes out looking
Top of the 8th over - 1 run(s), 2 hit(s), 0 error(s), 1 left on base; Panama City 7 - Atlanta 3
BOTTOM OF THE 8TH
Atlanta Smoke batting - Pitching for Panama City Piranhas : LHP Santiago Mesa
Now at 1B: Bryce Bancroft
Now in LF: Víctor Robledo
Batting: LHB Ned Durand 0-0: Called Strike
0-1: Fly out, F3 (Line Drive, 34)
Batting: RHB Clarence Fox 0-0: Ball
1-0: Ball
2-0: Ball
3-0: Called Strike
3-1: Foul Ball, location: 2F
3-2: Foul Ball, location: 2F
3-2: Base on Balls
Pitching: RHP Anderson O'Mara
Pinch Hitting: LHB David Hubbard 0-0: Fly out, F8 (Flyball, 89S)
Pinch Hitting: LHB Carlos Álvarez 0-0: Ground out U3 (Groundball, 34S)
Bottom of the 8th over - 0 run(s), 0 hit(s), 0 error(s), 1 left on base; Panama City 7 - Atlanta 3
TOP OF THE 9TH
Panama City Piranhas batting - Pitching for Atlanta Smoke : RHP Louis Webber
Now at SS: Andrew Weeks
Now in RF: David Hubbard
Batting: RHB José Correa 0-0: Ball
1-0: Foul Ball, location: 2F
1-1: Foul Ball, location: 2F
1-2: Foul Ball, location: 2F
1-2: Strikes out swinging
Batting: RHB Armando Alvarado 0-0: Ball
1-0: Ball
2-0: Called Strike
2-1: Fly out, F8 (Flyball, 8LS)
Batting: RHB Lorenzo Rosas 0-0: Called Strike
0-1: Called Strike
0-2: Foul Ball, location: 2F
0-2: Ball
1-2: Foul Ball, location: 2F
1-2: Strikes out swinging
Top of the 9th over - 0 run(s), 0 hit(s), 0 error(s), 0 left on base; Panama City 7 - Atlanta 3
BOTTOM OF THE 9TH
Atlanta Smoke batting - Pitching for Panama City Piranhas : RHP Anderson O'Mara
Pitching: RHP Edgardo Marín
Pinch Hitting: LHB Willis Baker 0-0: Called Strike
0-1: Ball
1-1: Called Strike
1-2: Ground out U3 (Groundball, 34)
Pinch Hitting: LHB Luis Costello 0-0: Ground out 1-3 (Groundball, P)
Pinch Hitting: RHB Hubert Dodson 0-0: Ball
1-0: Swinging Strike
1-1: Foul Ball, location: 2F
1-2: Strikes out looking
Bottom of the 9th over - 0 run(s), 0 hit(s), 0 error(s), 0 left on base; Panama City 7 - Atlanta 3
Monday, March 20th, 2017 - OOTP Baseball 17.12 Build 75